AoeStats
← Fs.Carniça

Arabia

510124248Analyzed
1v1 RM · 21h ago on Sep 29, 2026· 26m 13s· 2 players
Game mode
Random Map
Map size
Tiny (2 player)
Population
200
Speed
Normal
Resources
Standard
Victory
Conquest
Starting age
Dark Age
Ending age
Imperial Age
RankedLock teamsTeams togetherTeam positionsShared explorationLock speedFull tech treeHidden civsTurbo modeCheats
Victory
Defeat
🇧🇷 Cumans · Brazil
1639
+16
🇷🇺 Muisca · Russia
1642
-16
Fs.Carniça
5:01 Loom
8:25 Feudal Age
9:24 Double-Bit Axe
11:32 Horse Collar
15:32 Fletching
24:10 Castle Age
23:08 Forging
23:09 Bloodlines
25:22 Scale Barding Armor
youteGG_mangoneluser
8:09 Loom
10:41 Feudal Age
15:18 Castle Age
13:45 Double-Bit Axe
16:44 Fletching
23:03 Bodkin Arrow
23:31 Horse Collar
24:09 Padded Archer Armor
26:40 Scale Mail Armor
Connection lost

Rejoining the realm…

Still unreachable

The connection could not be restored.

Session expired

The server has moved on; the page needs a fresh start.